 Dungeon Crawl Stone Soup version 0.32-a0-818-gb728d0252e (webtiles) character file.

Game seed: 6556413382947472127

90 smashvw the Shooter (level 4, 0/35 HPs)
             Began as a Coglin Hunter on Mar 24, 2024.
             Slain by a kobold
             ... wielding a +0 short sword
              (2 damage)
             ... on level 3 of the Dungeon.
             The game lasted 00:03:33 (1583 turns).

smashvw the Shooter (Coglin Hunter)                 Turns: 1583, Time: 00:03:33

Health: 0/35       AC:  6    Str: 11    XL:     4   Next: 56%
Magic:  4/4        EV:  8    Int:  9    God:
Gold:   151        SH:  0    Dex: 19    Spells: 3/3 levels left

rFire   . . .        a - +2 sling {Ana}
rCold   . . .        d - +0 sling {Cortez}
rNeg    . . .        l - +0 scale mail
rPois   .            (no helmet)
rElec   .            (no cloak)
rCorr   .            (no gloves)
SInv    .            (no boots)
Will    .....        (amulet unavailable)
Stlth   +            (ring unavailable)
HPRegen 0.25/turn    (ring unavailable)
MPRegen 0.09/turn    (no gizmo)

%: no passive effects
@: attractive, revved
A: off-hand wielding, slow wielding, warmup strikes, no jewellery
a: Invent Gizmo


You were on level 3 of the Dungeon.
You visited 1 branch of the dungeon, and saw 3 of its levels.

You collected 151 gold pieces.

Inventory:

Hand Weapons
 a - a +2 sling (weapon) {Ana}
 d - a +0 sling (offhand) {Cortez}
Armour
 c - a +0 leather armour
 k - a +0 plate armour
 l - a +0 scale mail (worn)
Scrolls
 b - a scroll of butterflies
 e - a scroll of blinking {unknown}
 g - 2 scrolls of teleportation {unknown}
 h - 4 scrolls of identify {unknown}
 r - a scroll of summoning {unknown}
Potions
 f - 2 potions of degeneration {unknown}
 i - a potion of heal wounds {unknown}
 j - a potion of magic {unknown}
 m - a potion of might {unknown}
 n - a potion of attraction
 o - a potion of lignification {unknown}
 p - a potion of berserk rage {unknown}
 q - 3 potions of curing {unknown}


   Skills:
 + Level 3.1 Fighting
 + Level 4.2 Ranged Weapons
 + Level 1.4 Armour
 - Level 1.7 Dodging
 - Level 1.4 Stealth


You had 3 spell levels left.
You didn't know any spells.
Your spell library was empty.

Dungeon Overview and Level Annotations

Branches:
Dungeon (3/15)

Altars:

Annotations:
D:2 1 runed translucent door, Crazy Yiuf


Innate Abilities, Weirdness & Mutations

You can wield a second weapon in your off-hand.
It takes a long time for you to wield or remove held weapons.
Your first few attacks do less damage.
You cannot equip rings or amulets.


Message History

You are too injured to fight recklessly!
The kobold attacks as it pursues you!
The kobold hits you with a +0 short sword.
* * * LOW HITPOINT WARNING * * *
The kobold closely misses you. The kobold barely misses you.
The kobold throws a poisoned dart.
The poisoned dart hits you!
You are poisoned.
You feel sick.
You shoot a sling bullet. The sling bullet hits the kobold.
The kobold is moderately wounded.
You shoot a sling bullet.
The sling bullet closely misses the kobold.
The sling bullet hits the kobold!
You kill the kobold!
You feel sick.
The kobold hits you with a +0 short sword.
* * * LOW HITPOINT WARNING * * *
You shoot a sling bullet.
The sling bullet hits the kobold but does no damage.
The kobold is moderately wounded.
You shoot a sling bullet.
The sling bullet closely misses the kobold. x2
The sling bullet barely misses the kobold.
You feel sick.
The kobold hits you with a +0 short sword.
* * * LOW HITPOINT WARNING * * *
The kobold hits you but does no damage.
You shoot a sling bullet. The sling bullet hits the kobold.
The kobold is severely wounded.
You shoot a sling bullet.
The sling bullet hits the kobold but does no damage.
The kobold is severely wounded.
You feel sick. The kobold hits you but does no damage.
It was a potion of attraction.
You feel attractive to monsters.
You feel sick.
You are no longer poisoned.
The kobold hits you with a +0 short sword.
You die...

#.##.#.†#.##....)..
..........# #...).
###.#..#.# #...#
#......####'))##
#..............#
####...........KK##
....)..##.######K#
####.####.# #K#
####.####.# #@#
.......(..######.#
.................#
##################


You could see 4 kobolds.

Vanquished Creatures
  A gnoll (D:1)
  3 adders (D:2)
  3 dart slugs
  3 bats
  6 endoplasms
  3 giant cockroaches
  3 goblins
  5 hobgoblins (D:2)
  A quokka (D:2)
  2 ball pythons (D:2)
  5 frilled lizards
  9 kobolds
  3 rats
47 creatures vanquished.

Notes
Turn   | Place    | Note
-------+----------+-------------------------------------------
     0 | D:1      | smashvw the Coglin Hunter began the quest for the Orb.
     0 | D:1      | Reached XP level 1. HP: 16/16 MP: 1/1
    83 | D:1      | Reached skill level 1 in Stealth
    83 | D:1      | Reached XP level 2. HP: 21/23 MP: 2/2
   307 | D:1      | Reached XP level 3. HP: 28/28 MP: 3/3
   715 | D:2      | Found a runed translucent door.
   716 | D:2      | Noticed Crazy Yiuf
   768 | D:2      | Reached skill level 4 in Ranged Weapons
   852 | D:2      | Reached skill level 1 in Armour
   894 | D:2      | Reached XP level 4. HP: 34/34 MP: 4/4
  1583 | D:3      | Slain by a kobold

Illustrated notes

Levels and vault maps discovered:
D:1:      grunt_arrival_crossed_arrows, layout_basic, corexii_corridor_pit
D:2:      kb_forest_paths, layout_basic, skrybe_limestone_x,
          wander_ebering_terrifying_dragon_lair, uniq_crazy_yiuf_cottage
D:3:      cheibrodos_fertilizer, layout_basic, gammafunk_temple_overflow_pools

Skill      XL: |  1  2  3  4 |
---------------+-------------+-----
Stealth        | 1 |  1.4
Ranged Weapons | 4 |  4.2
Armour         | 1 |  1.4
Fighting       | 3 |  3.1
Dodging        | |  1.7

Action                     |  1- 3 |  4- 6 || total
---------------------------+-------+-------++-------
   Fire: Sling             |   112 |    78 ||   190
    Use: Potion            |       |     1 ||     1
 Armour: Leather armour    |     1 |       ||     1
         Scale mail        |     7 |    41 ||    48
  Dodge: Dodged            |     5 |    22 ||    27

Table legend: (Time is in decaauts)
 A = Elapsed time spent in this place.
 B = Non-inter-level travel time spent in this place.
 C = Inter-level travel time spent in this place.
 D = Time resting spent in this place.
 E = Time spent auto-exploring this place.
 F = Levels seen in this place.
 G = Mean time per level.
                   A        B        C        D        E       F      G
               +--------+--------+--------+--------+--------+-----+--------+
         Total |   1623 |   1570 |     53 |      0 |   1308 |   3 |  541.0 |
       Dungeon |   1623 |   1570 |     53 |      0 |   1308 |   3 |  541.0 |
               +--------+--------+--------+--------+--------+-----+--------+

Top non-repeatable levels by time:
     D:2: 999 daAuts
     D:1: 528 daAuts
     D:3: 96 daAuts
